Map: Kairos Junction LE

Players

SouLeer

  • Race: Zerg Zerg
  • Spawn Location: 5:00

llllllllllll (Stats) - Winner!

  • Race: Protoss Protoss
  • League: Grandmaster
  • Spawn Location: 11:00

Event: HomeStory Cup XIX

VOD

Have the link to the VOD?

Description

Time

  • Played on: June 27, 2019, 3:31 p.m.
  • Length: 6:43

All games in this series

Show
View Real Time Build Order
Export as new Build Order

SouLeer Zerg 

Build Orders: Hatch First 

Get SALT Encoding   

  12  0:01  Drone  
  13  0:13  Overlord  
  13  0:17  Drone  
  14  0:31  Drone  
  14  0:32  Drone  
  16  0:49  Hatchery  
  15  0:52  Drone  
  15  0:55  Drone  
  17  0:59  Drone  
  18  1:09  Extractor  
  17  1:15  Spawning Pool  
  17  1:17  Drone  
  17  1:23  Drone  
  18  1:31  Drone  
  19  1:42  Overlord  
  19  2:01  Queen  
  19  2:02  Zergling x6  
  19  2:04  Queen  
  26  2:12  Drone  
  27  2:19  Drone  
  28  2:24  Drone  
  28  2:29  Drone  
  30  2:33  Drone x2  
  32  2:37  Lair  
  32  2:44  Drone  
  32  2:46  Zergling x2  
  32  2:49  Metabolic Boost  
  33  2:56  Overlord  
  33  2:57  Zergling x2  
  34  3:00  Extractor  
  34  3:03  Queen  
  35  3:10  Drone  
  35  3:13  Zergling x2  
  35  3:17  Drone x2  
  35  3:18  Drone  
  37  3:24  Zergling x4  
  35  3:41  Nydus Network  
  35  3:44  Zergling x2  
  35  3:45  Zergling x2  
  35  3:47  Zergling x2  
  37  3:50  Zergling x2  
  38  3:57  Zergling x2  
  38  3:58  Zergling x2  
  38  4:00  Zergling x2  
  41  4:04  Zergling x2  
  41  4:06  Overlord  
  42  4:16  Zergling x4  
  43  4:18  Nydus Canal  
  43  4:28  Zergling x8  
  43  4:29  Zergling x2  
  46  4:36  Nydus Canal  
  42  4:46  Zergling x4  
  42  4:51  Nydus Canal  
  41  4:57  Zergling x8  
  40  5:03  Zergling x2  
  38  5:07  Zergling x2  
  38  5:13  Zergling x2  
  37  5:15  Nydus Canal  
  37  5:16  Queen  
  39  5:23  Zergling x4  
  40  5:31  Spore Crawler  
  40  5:32  Spore Crawler  
  34  5:36  Spine Crawler  
  34  5:38  Zergling x4  
  34  5:40  Queen  
  33  5:50  Zergling x6  
  35  5:57  Spine Crawler  
  35  5:59  Zergling x2  
  35  6:01  Zergling x2  
  35  6:08  Zergling x2  
  35  6:14  Zergling x4  
  30  6:26  Zergling x4  
Show
View Real Time Build Order
Export as new Build Order

llllllllllll Protoss - Winner!

Build Orders: 1 Gate Expand, Oracle Opening, Phoenix Opening 

Get SALT Encoding   

  12  0:00  Probe  
  13  0:13  Probe  
  14  0:18  Pylon  
  14  0:25  Probe  
  15  0:33  Probe  
  15  0:39  Gateway  
  15  0:41  Probe  
  16  0:46  Assimilator  
  17  0:51  Probe  
  18  1:03  Probe  
  19  1:15  Probe  
  20  1:26  Cybernetics Core  
  20  1:33  Nexus  
  20  1:36  Probe  
  21  1:42  Pylon  
  21  1:48  Probe  
  21  1:51  Assimilator  
  21  1:53  Adept  
  22  2:00  Probe  
  25  2:12  Probe  
  25  2:13  Adept  
  26  2:24  Probe  
  26  2:26  Stargate  
  29  2:36  Probe  
  30  2:45  Probe, Adept, Warp Gate  
  30  2:48  Probe  
  34  2:53  Probe  
  35  3:00  Probe  
  35  3:01  Probe, Oracle  
  41  3:12  Probe  
  41  3:16  Probe  
  42  3:25  Probe  
  43  3:28  Probe  
  43  3:32  Gateway  
  42  3:34  Phoenix  
  42  3:37  Probe  
  42  3:40  Probe  
  44  3:41  Gateway  
  44  3:45  Pylon  
  44  3:49  Probe  
  44  3:53  Probe  
  44  3:55  Oracle, Pylon  
  46  4:03  Probe  
  46  4:04  Assimilator  
  46  4:09  Probe  
  51  4:10  Assimilator  
  51  4:15  Probe  
  51  4:16  Shield Battery  
  52  4:17  Shield Battery  
  51  4:36  Stalker x2  
  52  4:39  Stalker  
  45  4:50  Shield Battery  
  45  4:52  Shield Battery  
  45  4:59  Adept x2  
  46  5:04  Adept  
  38  5:08  Oracle  
  38  5:13  Adept  
  38  5:22  Adept  
  40  5:35  Adept  
  40  5:41  Adept  
  37  5:50  Stalker  
  39  6:03  Adept  
  39  6:12  Adept  
  39  6:14  Adept  
  41  6:25  Zealot  
  41  6:33  Zealot  
  41  6:34  Zealot  
Tags
 
Add a new tag
Caveats
  • Supply blocks, unpowered buildings, or Contaminate may cause inaccurate times.
  • Supply counts are checked every 10 seconds.